 Dungeon Crawl Stone Soup version 0.29-a0-284-gf9362112df (webtiles) character file.

Game seed: 5547863978466778377

3 bjtr the Firebug (level 1, 0/13 HPs)
             Began as a Demonspawn Fire Elementalist on Mar 21, 2022.
             Slain by a bat (1 damage)
             ... on level 1 of the Dungeon.
             The game lasted 00:01:45 (45 turns).

bjtr the Firebug (Demonspawn Fire Elementalist)       Turns: 45, Time: 00:01:45

Health: 0/13       AC:  2    Str:  8    XL:     1   Next: 41%
Magic:  2/3        EV: 12    Int: 16    God:
Gold:   0          SH:  0    Dex: 13    Spells: 3/4 levels left

rFire   . . .      SeeInvis .   (no weapon)
rCold   . . .      Faith    .   (no shield)
rNeg    . . .      Spirit   .   a - +0 robe
rPois   .          Reflect  .   (no helmet)
rElec   .          Harm     .   (no cloak)
rCorr   .          Rampage  .   (no gloves)
Will    .....                   (no boots)
Stlth   ++........              (no amulet)
HPRegen 0.04/turn               (no ring)
MPRegen 0.08/turn               (no ring)

@: flying
A: no striking features
a: no special abilities


You were on level 1 of the Dungeon.
You visited 1 branch of the dungeon, and saw 1 of its levels.

Inventory:

Missiles
 c - 2 curare-tipped darts (quivered)
Armour
 a - a +0 robe (worn)
Potions
 b - a potion of magic


   Skills:
 - Level 1.7 Dodging
 - Level 1.7 Stealth
 + Level 2.1 Spellcasting
 + Level 1.0 Conjurations
 + Level 2.8 Fire Magic


You had 3 spell levels left.
You knew the following spells:

 Your Spells              Type           Power      Damage    Failure   Level
a - Foxfire               Conj/Fire      28%        2x1d5     10%         1

Your spell library contained the following spells:

 Spells                   Type           Power      Damage    Failure   Level
 Scorch                   Fire           20%        2d6       10%         2
 Conjure Flame            Conj/Fire      7%         6-21      28%         3
 Inner Flame              Hex/Fire       6%         N/A       34%         3
 Flame Wave               Conj/Fire      7%         2d5       67%         4


Dungeon Overview and Level Annotations

Branches:
Dungeon (1/15)

Altars:


Message History

The curare-tipped dart hits the ball python.
The ball python is poisoned.
The ball python convulses.
You kill the ball python!
Throw: 4 darts (curare)
Press: ? - help, Q - select action, (/) - cycle Shift-Dir - straight line, f - endoplasm
Aim: an endoplasm (wandering, hasn't noticed you, 85% to hit)
Okay, then.
A bat comes into view.
The hobgoblin attacks as you move away!
The hobgoblin hits you but does no damage.
The endoplasm quivers.
The endoplasm closely misses you. The hobgoblin attacks as you move away!
The hobgoblin hits you. The hobgoblin attacks as you move away!
The hobgoblin hits you.
* * * LOW HITPOINT WARNING * * *
Throw: 4 darts (curare)
Press: ? - help, Q - select action, (/) - cycle Shift-Dir - straight line, f - hobgoblin
Aim: a hobgoblin (almost dead, 56% to hit)
You throw a curare-tipped dart.
The curare-tipped dart hits the hobgoblin.
The hobgoblin is poisoned.
The hobgoblin convulses.
You kill the hobgoblin!
The bat completely misses you.
It was a potion of flight.
You feel very buoyant.
You fly up into the air.
The bat misses you. The bat hits you but does no damage.
The bat attacks as you move away! The bat hits you.
* * * LOW HITPOINT WARNING * * *
The bat barely misses you. The bat closely misses you.
Throw: 3 darts (curare)
Press: ? - help, Q - select action, (/) - cycle Shift-Dir - straight line, f - bat
Aim: a bat (39% to hit)
You throw a curare-tipped dart.
The curare-tipped dart closely misses the bat.
The curare-tipped dart hits the endoplasm.
The bat closely misses you. The bat hits you.
You die...

......#...###########
......#...#8≈§§≈≈≈§8#
.....b(.#(#.........#
........#(#.........#
......#.#l'....8...<#
......#(#.'....8....#
........#J#.........#
######..#b#.......§.#
#..@.#8§≈≈≈§§§8#
#(...###########
#....# ######


You could see an endoplasm, a bat and a frilled lizard.

Vanquished Creatures
  A giant cockroach (D:1)
  A hobgoblin (D:1)
  A ball python (D:1)
3 creatures vanquished.

Vanquished Creatures (others)
  A foxfire (D:1)
1 creature vanquished.

Grand Total: 4 creatures vanquished

Notes
Turn   | Place    | Note
-------+----------+-------------------------------------------
     0 | D:1      | bjtr the Demonspawn Fire Elementalist began the quest for
                  | the Orb.
     0 | D:1      | Reached XP level 1. HP: 13/13 MP: 3/3
    45 | D:1      | Slain by a bat

Illustrated notes

Levels and vault maps discovered:
D:1:      lightli_arrival_noodles, layout_rooms

Action                   || total
-------------------------++-------
Throw: Dart              ||     4
 Cast: Foxfire           ||     1
  Use: Potion            ||     1
Armor: Robe              ||     7
Dodge: Dodged            ||    14

Table legend: (Time is in decaauts)
 A = Elapsed time spent in this place.
 B = Non-inter-level travel time spent in this place.
 C = Inter-level travel time spent in this place.
 D = Time resting spent in this place.
 E = Time spent auto-exploring this place.
 F = Levels seen in this place.
 G = Mean time per level.
                   A        B        C        D        E       F      G
               +--------+--------+--------+--------+--------+-----+--------+
         Total |     45 |     45 |      0 |      0 |      6 |   1 |   45.0 |
       Dungeon |     45 |     45 |      0 |      0 |      6 |   1 |   45.0 |
               +--------+--------+--------+--------+--------+-----+--------+

Top non-repeatable levels by time:
     D:1: 45 daAuts
